| TOP OF THE 1ST |
|
Seattle Mariners batting - Pitching for Kansas City Royals : RHP Marco Sarabia
|
|
Pitching: RHP Marco Sarabia
|
|
|
Batting: LHB Jose Perales
|
0-0: SINGLE (Line Drive, 8LS, EV 100.6 MPH)
|
|
Batting: LHB Don Mattingly
|
0-0: Foul Ball, location: 2F 0-1: Called Strike Jose Perales steals 2nd base (no throw) 0-2: Fly out, F7 (Flyball, 7, EV 80.6 MPH)
|
|
Batting: LHB Mike Stenhouse
|
0-0: Ground out U3 (Groundball, 3, EV 107.5 MPH) Jose Perales to third
|
|
Batting: LHB Chris Wynn
|
0-0: Ball 1-0: Ball 2-0: Ball 3-0: Base on Balls
|
|
Batting: RHB Bobby Bonds
|
0-0: Called Strike 0-1: Ball 1-1: Ball 2-1: Ball 3-1: Swinging Strike 3-2: Strikes out swinging
|
| Top of the 1st over - 0 runs, 1 hit, 0 errors, 2 left on base; Seattle 0 - Kansas City 0 |
| BOTTOM OF THE 1ST |
|
Kansas City Royals batting - Pitching for Seattle Mariners : RHP Steve Busby
|
|
Pitching: RHP Steve Busby
|
|
|
Batting: RHB Rickey Henderson
|
0-0: Ball 1-0: Ball 2-0: Foul Ball, location: 2F 2-1: Swinging Strike 2-2: Ball 3-2: Strikes out swinging
|
|
Batting: LHB Gene Richards
|
0-0: Foul Ball, location: 2F 0-1: Ball 1-1: Fly out, F8 (Line Drive, 8RD, EV 93.8 MPH)
|
|
Batting: RHB Bob Horner
|
0-0: Called Strike 0-1: Ball 1-1: Foul Ball, location: 2F 1-2: Foul Ball, location: 2F 1-2: Foul Ball, location: 2F 1-2: Ground out 3-1 (Groundball, 34, EV 83.8 MPH)
|
| Bottom of the 1st over - 0 runs, 0 hits, 0 errors, 0 left on base; Seattle 0 - Kansas City 0 |
| TOP OF THE 2ND |
|
Seattle Mariners batting - Pitching for Kansas City Royals : RHP Marco Sarabia
|
|
Batting: LHB Ivan Flores
|
0-0: Ball 1-0: Bunt for hit to 5S - play at first, batter OUT! 5-3
|
|
Batting: RHB Ryne Sandberg
|
0-0: Ball 1-0: Foul Ball, location: 2F 1-1: SOLO HOME RUN (Flyball, 7LD, EV 108.1 MPH), Distance : 369 ft
|
|
Batting: RHB Ozzie Virgil
|
0-0: Ball 1-0: Foul Ball, location: 2F 1-1: Ball 2-1: DOUBLE (Flyball, 9LD, EV 103.1 MPH)
|
|
Batting: LHB Glen Franklin
|
0-0: Ball 1-0: Called Strike 1-1: Ball 2-1: Ground out 4-3 (Groundball, 4, EV 106.3 MPH) Ozzie Virgil to third
|
|
Batting: LHB Jose Perales
|
0-0: Swinging Strike 0-1: Foul Ball, location: 2F 0-2: Foul Ball, location: 2F 0-2: Ball 1-2: Ball 2-2: Fly out, F4 (Line Drive, 4, EV 69.4 MPH)
|
| Top of the 2nd over - 1 run, 2 hits, 0 errors, 1 left on base; Seattle 1 - Kansas City 0 |
| BOTTOM OF THE 2ND |
|
Kansas City Royals batting - Pitching for Seattle Mariners : RHP Steve Busby
|
|
Batting: RHB Gary Carter
|
0-0: Ball 1-0: Foul Ball, location: 2F 1-1: Swinging Strike 1-2: SINGLE (Flyball, 89S, EV 96.3 MPH)
|
|
Batting: RHB Lloyd McClendon
|
0-0: Called Strike 0-1: Swinging Strike 0-2: Fly out, F7 (Flyball, 78S, EV 95.0 MPH)
|
|
Batting: RHB Jeffrey Leonard
|
0-0: Ball 1-0: Fielders Choice at 2nd, 5-4 (Groundball, 56, EV 85.6 MPH)
|
|
Batting: LHB Rick Manning
|
0-0: Ball 1-0: Ball Wild Pitch! Jeffrey Leonard to second 2-0: Ground out 4-3 (Groundball, 13, EV 80.0 MPH)
|
| Bottom of the 2nd over - 0 runs, 1 hit, 0 errors, 1 left on base; Seattle 1 - Kansas City 0 |
| TOP OF THE 3RD |
|
Seattle Mariners batting - Pitching for Kansas City Royals : RHP Marco Sarabia
|
|
Batting: LHB Don Mattingly
|
0-0: Ball 1-0: Swinging Strike 1-1: Swinging Strike 1-2: Ground out 5-3 (Groundball, 5, EV 75.6 MPH)
|
|
Batting: LHB Mike Stenhouse
|
0-0: Ball 1-0: Foul Ball, location: 2F 1-1: Ball 2-1: Foul Ball, location: 2F 2-2: Fly out, F2 (Popup, 2RF, EV 91.3 MPH)
|
|
Batting: LHB Chris Wynn
|
0-0: Ball 1-0: Ball 2-0: Called Strike 2-1: Called Strike 2-2: Ball 3-2: Foul Ball, location: 2F 3-2: Strikes out swinging
|
| Top of the 3rd over - 0 runs, 0 hits, 0 errors, 0 left on base; Seattle 1 - Kansas City 0 |
| BOTTOM OF THE 3RD |
|
Kansas City Royals batting - Pitching for Seattle Mariners : RHP Steve Busby
|
|
Batting: LHB Alvin Davis
|
0-0: Ball 1-0: Ball 2-0: Ball 3-0: Called Strike 3-1: Foul Ball, location: 2F 3-2: Base on Balls
|
|
Batting: LHB Brad Mills
|
0-0: Ball 1-0: Ball 2-0: Foul Ball, location: 2F 2-1: Ball 3-1: Fielders Choice at 2nd, 3-6 (Groundball, 3, EV 88.8 MPH)
|
|
Batting: RHB Rickey Henderson
|
0-0: Foul Ball, location: 2F 0-1: Swinging Strike 0-2: Strikes out looking
|
|
Batting: LHB Gene Richards
|
0-0: Foul Ball, location: 2F 0-1: TRIPLE (Flyball, 89XD, EV 93.1 MPH) Brad Mills scores
|
|
Batting: RHB Bob Horner
|
0-0: Ground out 6-3 (Groundball, 6MS, EV 82.5 MPH)
|
| Bottom of the 3rd over - 1 run, 1 hit, 0 errors, 1 left on base; Seattle 1 - Kansas City 1 |
| TOP OF THE 4TH |
|
Seattle Mariners batting - Pitching for Kansas City Royals : RHP Marco Sarabia
|
|
Batting: RHB Bobby Bonds
|
0-0: Ball 1-0: Called Strike 1-1: Fly out, F7 (Flyball, 7LS, EV 88.1 MPH)
|
|
Batting: LHB Ivan Flores
|
0-0: Called Strike 0-1: Ball 1-1: Ball 2-1: SINGLE (Groundball, 34D, EV 105.0 MPH)
|
|
Batting: RHB Ryne Sandberg
|
0-0: Ball Ivan Flores steals 2nd, throwing error, E2 Ivan Flores to third 1-0: Ground out 5-3 (Groundball, 56S, EV 62.5 MPH) Ivan Flores scores
|
|
Batting: RHB Ozzie Virgil
|
0-0: Called Strike 0-1: Ball 1-1: Called Strike 1-2: Strikes out swinging
|
| Top of the 4th over - 1 run, 1 hit, 1 error, 0 left on base; Seattle 2 - Kansas City 1 |
| BOTTOM OF THE 4TH |
|
Kansas City Royals batting - Pitching for Seattle Mariners : RHP Steve Busby
|
|
Batting: RHB Gary Carter
|
0-0: Ground out 5-3 (Groundball, 5L, EV 85.6 MPH)
|
|
Batting: RHB Lloyd McClendon
|
0-0: Fly out, F4 (Line Drive, 4, EV 68.8 MPH)
|
|
Batting: RHB Jeffrey Leonard
|
0-0: Fly out, F9 (Flyball, 89D, EV 85.6 MPH)
|
| Bottom of the 4th over - 0 runs, 0 hits, 0 errors, 0 left on base; Seattle 2 - Kansas City 1 |
| TOP OF THE 5TH |
|
Seattle Mariners batting - Pitching for Kansas City Royals : RHP Marco Sarabia
|
|
Pitching: RHP Dan Petry
|
|
|
Batting: LHB Glen Franklin
|
0-0: Called Strike 0-1: Foul Ball, location: 2F 0-2: Strikes out swinging
|
|
Batting: LHB Jose Perales
|
0-0: Ball 1-0: Ground out 3-1 (Groundball, 13, EV 81.3 MPH)
|
|
Batting: LHB Don Mattingly
|
0-0: Ball 1-0: Ground out 6-3 (Groundball, 6, EV 101.3 MPH)
|
| Top of the 5th over - 0 runs, 0 hits, 0 errors, 0 left on base; Seattle 2 - Kansas City 1 |
| BOTTOM OF THE 5TH |
|
Kansas City Royals batting - Pitching for Seattle Mariners : RHP Steve Busby
|
|
Pitching: RHP Carlos Diaz
|
|
|
Batting: LHB Rick Manning
|
0-0: Swinging Strike 0-1: Foul Ball, location: 2F 0-2: Ground out 4-3 (Groundball, 4S, EV 88.8 MPH)
|
|
Batting: LHB Alvin Davis
|
0-0: Ball 1-0: Foul Ball, location: 2F 1-1: Ball 2-1: Ball 3-1: Base on Balls
|
|
Batting: LHB Brad Mills
|
0-0: Swinging Strike Alvin Davis steals 2nd base 0-1: Called Strike 0-2: Ball 1-2: DOUBLE (Flyball, 8LXD, EV 105.0 MPH) Alvin Davis scores
|
|
Batting: RHB Rickey Henderson
|
0-0: Ball 1-0: Ball 2-0: Ground out 6-3 (Groundball, 6, EV 76.3 MPH) Brad Mills to third
|
|
Batting: LHB Gene Richards
|
0-0: Ground out 4-3 (Groundball, 4M, EV 101.9 MPH)
|
| Bottom of the 5th over - 1 run, 1 hit, 0 errors, 1 left on base; Seattle 2 - Kansas City 2 |
| TOP OF THE 6TH |
|
Seattle Mariners batting - Pitching for Kansas City Royals : RHP Dan Petry
|
|
Batting: LHB Mike Stenhouse
|
0-0: Foul Ball, location: 2F 0-1: Ball 1-1: Ground out 6-3 (Groundball, 6, EV 110.6 MPH)
|
|
Batting: LHB Chris Wynn
|
0-0: Called Strike 0-1: Foul Ball, location: 2F 0-2: Ball 1-2: Ball 2-2: Foul Ball, location: 2F 2-2: Fly out, F9 (Line Drive, 9, EV 99.4 MPH)
|
|
Batting: RHB Bobby Bonds
|
0-0: Called Strike 0-1: Called Strike 0-2: Ball 1-2: Strikes out swinging
|
| Top of the 6th over - 0 runs, 0 hits, 0 errors, 0 left on base; Seattle 2 - Kansas City 2 |
| BOTTOM OF THE 6TH |
|
Kansas City Royals batting - Pitching for Seattle Mariners : RHP Carlos Diaz
|
|
Batting: RHB Bob Horner
|
0-0: Called Strike 0-1: Ground out 6-3 (Groundball, 6, EV 110.6 MPH)
|
|
Batting: RHB Gary Carter
|
0-0: Ball 1-0: Foul Ball, location: 2F 1-1: Swinging Strike 1-2: Ball 2-2: Strikes out looking
|
|
Batting: RHB Lloyd McClendon
|
0-0: Ball 1-0: Foul Ball, location: 2F 1-1: Ball 2-1: Ground out 6-3 (Groundball, 6D, EV 83.8 MPH)
|
| Bottom of the 6th over - 0 runs, 0 hits, 0 errors, 0 left on base; Seattle 2 - Kansas City 2 |
| TOP OF THE 7TH |
|
Seattle Mariners batting - Pitching for Kansas City Royals : RHP Dan Petry
|
|
Pitching: RHP Orel Hershiser
|
|
|
Batting: LHB Ivan Flores
|
0-0: Called Strike 0-1: Foul Ball, location: 2F 0-2: Ball 1-2: Ground out 5-3 (Groundball, 56, EV 86.9 MPH)
|
|
Batting: RHB Ryne Sandberg
|
0-0: Ball 1-0: Called Strike 1-1: Swinging Strike 1-2: Strikes out swinging
|
|
Batting: RHB Ozzie Virgil
|
0-0: Called Strike 0-1: Ball 1-1: Foul Ball, location: 2F 1-2: Strikes out swinging
|
| Top of the 7th over - 0 runs, 0 hits, 0 errors, 0 left on base; Seattle 2 - Kansas City 2 |
| BOTTOM OF THE 7TH |
|
Kansas City Royals batting - Pitching for Seattle Mariners : RHP Carlos Diaz
|
|
Pitching: RHP Nick Bowditch
|
|
|
Batting: RHB Jeffrey Leonard
|
0-0: DOUBLE (Flyball, 89D, EV 95.6 MPH)
|
|
Batting: LHB Rick Manning
|
0-0: Fly out, F9 (Flyball, 9S, EV 86.9 MPH)
|
|
Batting: LHB Alvin Davis
|
0-0: Intentional Walk
|
|
Batting: LHB Brad Mills
|
0-0: Called Strike 0-1: Ball 1-1: Ball Wild Pitch! Jeffrey Leonard to third Alvin Davis to second 2-1: Foul Ball, location: 2F 2-2: Ball 3-2: Ground out 4-3 (Groundball, 4, EV 106.3 MPH)
|
|
Pinch Hitting: LHB Kerry Dineen
|
0-0: Ball 1-0: Ball 2-0: Foul Ball, location: 2F 2-1: Swinging Strike 2-2: Ball 3-2: Base on Balls
|
|
Pinch Hitting: LHB Jim Eisenreich
|
0-0: Foul Ball, location: 2F 0-1: Ball Passed Ball! Jeffrey Leonard scores Alvin Davis to third Kerry Dineen to second 1-1: Foul Ball, location: 2F 1-2: Strikes out swinging
|
| Bottom of the 7th over - 1 run, 1 hit, 0 errors, 2 left on base; Seattle 2 - Kansas City 3 |
| TOP OF THE 8TH |
|
Seattle Mariners batting - Pitching for Kansas City Royals : RHP Orel Hershiser
|
|
Now in CF: Kerry Dineen
|
|
|
Now in RF: Al Minker
|
|
|
Batting: LHB Glen Franklin
|
0-0: Foul Ball, location: 2F 0-1: Ball 1-1: Fly out, F9 (Flyball, 9LM, EV 100.0 MPH)
|
|
Pinch Hitting: SHB Miguel Dilone
|
0-0: Swinging Strike 0-1: Ball 1-1: Swinging Strike 1-2: Ball 2-2: Foul Ball, location: 2F 2-2: Ball 3-2: Ground out 1-3 (Groundball, 34S, EV 70.6 MPH)
|
|
Pinch Hitting: RHB Juan DeLiza
|
0-0: Ball 1-0: Swinging Strike 1-1: Ball 2-1: Called Strike 2-2: Strikes out swinging
|
| Top of the 8th over - 0 runs, 0 hits, 0 errors, 0 left on base; Seattle 2 - Kansas City 3 |
| BOTTOM OF THE 8TH |
|
Kansas City Royals batting - Pitching for Seattle Mariners : RHP Nick Bowditch
|
|
Now at 1B: Juan DeLiza
|
|
|
Now at 3B: Miguel Dilone
|
|
|
Pinch Hitting: RHB Eddie Gates
|
0-0: Called Strike 0-1: Foul Ball, location: 2F 0-2: Foul Ball, location: 2F 0-2: Ball 1-2: Strikes out swinging
|
|
Batting: RHB Gary Carter
|
0-0: Ball 1-0: Called Strike 1-1: Ground out 6-3 (Groundball, 6, EV 100.0 MPH)
|
|
Batting: RHB Lloyd McClendon
|
0-0: Called Strike 0-1: Called Strike 0-2: Ball 1-2: Foul Ball, location: 2F 1-2: Foul Ball, location: 2F 1-2: Strikes out swinging
|
| Bottom of the 8th over - 0 runs, 0 hits, 0 errors, 0 left on base; Seattle 2 - Kansas City 3 |
| TOP OF THE 9TH |
|
Seattle Mariners batting - Pitching for Kansas City Royals : RHP Orel Hershiser
|
|
Pitching: RHP Sandy Wihtol
|
|
|
Now at 3B: Eddie Gates
|
|
|
Pinch Hitting: RHB Ramon Estepa
|
0-0: SINGLE (Line Drive, 9S, EV 86.3 MPH)
|
|
Batting: RHB Robin Yount
|
0-0: Ball 1-0: Ball 2-0: Foul Ball, location: 2F 2-1: Called Strike 2-2: SINGLE (Flyball, 89S, EV 91.3 MPH) Ramon Estepa to second Runner from 2nd tries for 3rd, SAFE, throw by RF made to third
|
|
Pinch Hitting: RHB Tony Conigliaro
|
0-0: Foul Ball, location: 2F 0-1: Ball 1-1: Ball 2-1: Ball 3-1: Foul Ball, location: 2F 3-2: Strikes out swinging
|
|
Batting: LHB Ivan Flores
|
0-0: Ball 1-0: Called Strike 1-1: Ball 2-1: Fly out, F6 (Popup, 6MD, EV 63.1 MPH)
|
|
Pinch Hitting: RHB Kurt Cunningham
|
0-0: Foul Ball, location: 2F 0-1: Ball 1-1: Ball 2-1: Foul Ball, location: 2F 2-2: Foul Ball, location: 2F 2-2: Fly out, F9 (Flyball, 9, EV 98.1 MPH)
|
| Top of the 9th over - 0 runs, 2 hits, 0 errors, 2 left on base; Seattle 2 - Kansas City 3 |
|